[Event "Djerba Festival Open-B 2025"]
[Site "Djerba"]
[Date "2025.02.17"]
[Round "2.1"]
[White "Lebret, Jean-Michel"]
[Black "Badrakova, Kseniya"]
[Result "1-0"]
[Annotator "NA"]
[ECO "B25"]
[WhiteElo "1995"]
[BlackElo "1757"]
[PlyCount "63"]
[EventDate "2025.02.15"]
[EventType "swiss"]
[EventCountry "TUN"]
[SourceTitle "playchess.com"]
[Source "ChessBase"]
[SourceQuality "1"]
[TimeControl "5400+30"]

1. e4 c5 2. Nc3 Nc6 3. g3 d6 4. Bg2 g6 5. d3 Bg7 6. f4 e6 7. Nf3 Nge7 8. O-O O-O 9. Be3 Nd4 10. Qd2 Rb8 11. Nd1 b5 12. c3 Nxf3+ 13. Bxf3 b4 14. d4 bxc3 15. bxc3 c4 16. d5 exd5 17. Bxa7 Ra8 18. Bd4 dxe4 19. Bxg7 Kxg7 20. Bxe4 d5 21. Qd4+ f6 22. Bg2 Be6 23. Ne3 Bg8 24. Rfd1 Qa5 25. Nc2 Rfd8 26. Qd2 Rab8 27. Nd4 Qa3 28. Re1 Qc5 29. Qe3 Kf7 30. Qe6+ Kf8 31. Qxf6+ Bf7 32. Kf1 1-0

[Event "Djerba Festival Open-B 2025"]
[Site "Djerba"]
[Date "2025.02.17"]
[Round "2.2"]
[White "Farouz, Pierre"]
[Black "Bensadi, Lotfi"]
[Result "0-1"]
[Annotator "NA"]
[ECO "D00"]
[WhiteElo "1717"]
[BlackElo "1971"]
[PlyCount "58"]
[EventDate "2025.02.15"]
[EventType "swiss"]
[EventCountry "TUN"]
[SourceTitle "playchess.com"]
[Source "ChessBase"]
[SourceQuality "1"]
[TimeControl "5400+30"]

1. d4 Nf6 2. Nc3 d5 3. Bf4 a6 4. e3 Bf5 5. f3 h6 6. g4 Bh7 7. h4 e6 8. Bd3 Bd6 9. Nge2 c5 10. dxc5 Bxc5 11. Bxh7 Rxh7 12. Qd3 Nc6 13. O-O-O Qa5 14. Kb1 Rh8 15. g5 Nd7 16. g6 f6 17. Nd4 Bxd4 18. exd4 O-O-O 19. Rhe1 Rhe8 20. a3 b5 21. Bd2 Qb6 22. Ne2 Kb7 23. b4 e5 24. dxe5 Ndxe5 25. Qb3 Nc4 26. Qc3 Qf2 27. Nf4 Nxd2+ 28. Qxd2 Qxd2 29. Rxe8 Qxd1+ 0-1

[Event "Djerba Festival Open-B 2025"]
[Site "Djerba"]
[Date "2025.02.17"]
[Round "2.3"]
[White "Belhaj, Nadhem"]
[Black "Ben Othman, Zahreddine"]
[Result "1-0"]
[Annotator "NA"]
[ECO "D34"]
[WhiteElo "1960"]
[BlackElo "1718"]
[PlyCount "65"]
[EventDate "2025.02.15"]
[EventType "swiss"]
[EventCountry "TUN"]
[SourceTitle "playchess.com"]
[Source "ChessBase"]
[SourceQuality "1"]
[TimeControl "5400+30"]

1. Nf3 Nf6 2. c4 c5 3. g3 Nc6 4. Bg2 e6 5. O-O Be7 6. Nc3 O-O 7. d4 d5 8. cxd5 exd5 9. dxc5 Bxc5 10. Bg5 d4 11. Bxf6 Qxf6 12. Nd5 Qd8 13. Nd2 Be6 14. Nf4 Rc8 15. Nxe6 fxe6 16. Ne4 Bb6 17. Qb3 Qe7 18. Rac1 Kh8 19. h4 h6 20. Bh3 Rfe8 21. Qb5 Rcd8 22. a3 Rd5 23. Qb3 Ne5 24. Bg2 d3 25. Nc3 dxe2 26. Nxe2 Rd2 27. Nf4 Qf6 28. Qc3 Red8 29. Qxe5 Rxb2 30. Qxe6 Qd4 31. Ng6+ Kh7 32. Nf4 Rxf2 33. Qe4+ 1-0

[Event "Djerba Festival Open-B 2025"]
[Site "Djerba"]
[Date "2025.02.17"]
[Round "2.4"]
[White "Guirat, Saber"]
[Black "Ferrandi, Bernard"]
[Result "1-0"]
[Annotator "NA"]
[ECO "A82"]
[WhiteElo "1956"]
[BlackElo "1716"]
[PlyCount "88"]
[EventDate "2025.02.15"]
[EventType "swiss"]
[EventCountry "TUN"]
[SourceTitle "playchess.com"]
[Source "ChessBase"]
[SourceQuality "1"]
[TimeControl "5400+30"]

1. d4 f5 2. Nc3 g6 3. e4 fxe4 4. Nxe4 d5 5. Ng5 h6 6. N5f3 Qd6 7. Ne5 Nd7 8. Ngf3 Bg7 9. Nd3 Ngf6 10. Bf4 Qe6+ 11. Be2 c6 12. O-O O-O 13. Re1 Nh5 14. Bd2 Qf7 15. Bf1 g5 16. Qe2 Re8 17. g3 Bf6 18. Bh3 Ng7 19. a4 Qh5 20. Bg2 Nf8 21. Nfe5 Qxe2 22. Rxe2 Nf5 23. c3 Nd6 24. a5 a6 25. Rae1 Kg7 26. Bc1 Rb8 27. Nc5 Bxe5 28. Rxe5 Kf6 29. b3 b6 30. axb6 Rxb6 31. Ba3 Ng6 32. Na4 Rxb3 33. Bxd6 Nxe5 34. Bxe5+ Kg6 35. Ra1 Bf5 36. Bf1 Reb8 37. Bxb8 Rxb8 38. Nc5 a5 39. Rxa5 Bg4 40. Bd3+ Kf7 41. Kg2 Rc8 42. Ra7 Kf6 43. Ba6 Re8 44. Rc7 e5 1-0

[Event "Djerba Festival Open-B 2025"]
[Site "Djerba"]
[Date "2025.02.17"]
[Round "2.5"]
[White "Ktita, Dhafer"]
[Black "Baba, Mouadh"]
[Result "1/2-1/2"]
[Annotator "NA"]
[ECO "C77"]
[WhiteElo "1949"]
[BlackElo "1688"]
[PlyCount "105"]
[EventDate "2025.02.15"]
[EventType "swiss"]
[EventCountry "TUN"]
[SourceTitle "playchess.com"]
[Source "ChessBase"]
[SourceQuality "1"]
[TimeControl "5400+30"]

1. e4 e5 2. Nf3 Nc6 3. Bb5 a6 4. Ba4 Nf6 5. d3 d6 6. c3 g6 7. O-O Bg7 8. Re1 b5 9. Bc2 O-O 10. Nbd2 Bb7 11. Nf1 d5 12. a4 dxe4 13. dxe4 Qe7 14. Qe2 b4 15. a5 bxc3 16. bxc3 Rfb8 17. Qc4 Ne8 18. Ba3 Nd6 19. Qa4 Nd8 20. Bxd6 cxd6 21. Rab1 Bc6 22. Qa3 Qc7 23. Rb6 Bf8 24. Qb2 Rxb6 25. axb6 Qb7 26. N3d2 Bb5 27. c4 Bc6 28. Rb1 Rb8 29. Qc3 Ne6 30. Ne3 Nc5 31. Nd5 Nd7 32. Qa5 Bh6 33. Ne7+ Kg7 34. Nxc6 Qxc6 35. Ba4 Bxd2 36. Bxc6 Bxa5 37. Bxd7 Rxb6 38. Rxb6 Bxb6 39. Kf1 Kf6 40. Ke2 Ke7 41. Ba4 Kd8 42. f3 Bd4 43. Kd3 g5 44. h4 gxh4 45. f4 Ke7 46. fxe5 dxe5 47. Ke2 Kf6 48. Kf3 Kg5 49. Be8 f5 50. exf5 Kxf5 51. Bd7+ Kg5 52. Ke4 Kf6 53. Kd5 1/2-1/2

[Event "Djerba Festival Open-B 2025"]
[Site "Djerba"]
[Date "2025.02.17"]
[Round "2.6"]
[White "Nassr, Lina"]
[Black "Baba, Jihed"]
[Result "1-0"]
[Annotator "NA"]
[ECO "D05"]
[WhiteElo "1934"]
[BlackElo "1669"]
[PlyCount "42"]
[EventDate "2025.02.15"]
[EventType "swiss"]
[EventCountry "TUN"]
[SourceTitle "playchess.com"]
[Source "ChessBase"]
[SourceQuality "1"]
[TimeControl "5400+30"]

1. d4 Nf6 2. Nf3 e6 3. e3 b6 4. Bd3 Bb7 5. Nbd2 d5 6. Ne5 Bd6 7. f4 O-O 8. O-O c5 9. Qf3 Nc6 10. c3 Ne7 11. g4 g6 12. Rf2 Qc7 13. g5 Nh5 14. Qh3 Nf5 15. Ng4 Kg7 16. Nf3 a6 17. Bxf5 exf5 18. Nf6 Nxf6 19. Qh6+ Kh8 20. gxf6 Rg8 21. Ng5 Rge8 1-0

[Event "Djerba Festival Open-B 2025"]
[Site "Djerba"]
[Date "2025.02.17"]
[Round "2.7"]
[White "Mileiko, Juris"]
[Black "Dejardin, Gregoire"]
[Result "0-1"]
[Annotator "NA"]
[ECO "B11"]
[WhiteElo "1716"]
[BlackElo "1932"]
[PlyCount "59"]
[EventDate "2025.02.15"]
[EventType "swiss"]
[EventCountry "TUN"]
[SourceTitle "playchess.com"]
[Source "ChessBase"]
[SourceQuality "1"]
[TimeControl "5400+30"]

1. e4 c6 2. Nf3 d5 3. Nc3 Bg4 4. h3 Bxf3 5. Qxf3 e6 6. exd5 cxd5 7. Bb5+ Nc6 8. O-O Nf6 9. d4 Be7 10. Qg3 O-O 11. Bxc6 bxc6 12. Bh6 Ne8 13. Ne2 Bh4 14. Qg4 f5 15. Qh5 gxh6 16. Qxh6 Ng7 17. Qf4 Bg5 18. Qg3 f4 19. Qg4 Qf6 20. h4 Bxh4 21. g3 Bg5 22. gxf4 Bxf4 23. Kg2 Qf5 24. Qxf5 Rxf5 25. Rh1 Raf8 26. f3 Be3 27. Rh3 Rg5+ 28. Kf1 Rh5 29. Rxh5 Rxf3+ 30. Ke1 0-1

[Event "Djerba Festival Open-B 2025"]
[Site "Djerba"]
[Date "2025.02.17"]
[Round "2.8"]
[White "Gely, Bernard"]
[Black "Guinet, Andy"]
[Result "1-0"]
[Annotator "NA"]
[ECO "B06"]
[WhiteElo "1928"]
[BlackElo "1665"]
[PlyCount "63"]
[EventDate "2025.02.15"]
[EventType "swiss"]
[EventCountry "TUN"]
[SourceTitle "playchess.com"]
[Source "ChessBase"]
[SourceQuality "1"]
[TimeControl "5400+30"]

1. d4 g6 2. e4 Bg7 3. Bc4 d6 4. Ne2 f5 5. exf5 Bxf5 6. O-O Nc6 7. c3 Qd7 8. a4 a5 9. Ng3 Nf6 10. Nd2 Be6 11. Bb5 O-O 12. Nde4 d5 13. Nc5 Qc8 14. Re1 Nd8 15. Nxe6 Nxe6 16. Qe2 Kf7 17. f4 c6 18. Bd3 Re8 19. f5 Nf8 20. Bf4 e6 21. fxg6+ hxg6 22. Rf1 Kg8 23. Bd6 N6h7 24. Qc2 Qd7 25. Bxf8 Nxf8 26. Bxg6 Nxg6 27. Qxg6 Rf8 28. Nh5 Qe7 29. Nxg7 Qxg7 30. Qxe6+ Kh8 31. Qh3+ Kg8 32. Rae1 1-0

[Event "Djerba Festival Open-B 2025"]
[Site "Djerba"]
[Date "2025.02.17"]
[Round "2.9"]
[White "Dubourg, Bruno"]
[Black "Zouaghi, Ahmed"]
[Result "0-1"]
[Annotator "RC"]
[ECO "B20"]
[WhiteElo "1661"]
[BlackElo "1919"]
[PlyCount "164"]
[EventDate "2025.02.15"]
[EventType "swiss"]
[EventCountry "TUN"]
[SourceTitle "playchess.com"]
[Source "ChessBase"]
[SourceQuality "1"]
[TimeControl "5400+30"]

1. e4 c5 2. a3 Nc6 3. b4 cxb4 4. axb4 Nxb4 5. c3 Nc6 6. d4 d6 7. d5 Nb8 8. Bb5+ Bd7 9. Bc4 Nf6 10. Qe2 g6 11. Nf3 Bg4 12. h3 Bxf3 13. Qxf3 Bg7 14. O-O O-O 15. Be3 Nbd7 16. Bd4 a6 17. Nd2 Qc7 18. Bd3 Nc5 19. Rfe1 Nfd7 20. Bxg7 Kxg7 21. Qe3 Rfc8 22. Be2 b5 23. f4 Qb6 24. Bg4 h5 25. Be2 Na4 26. Qd4+ Kg8 27. Kf1 Nxc3 28. Nb3 Qxd4 29. Nxd4 Nxe4 30. Nc6 Kf8 31. Bxb5 axb5 32. Rxa8 Rxa8 33. Rxe4 Nf6 34. Rxe7 Nxd5 35. Rb7 Nxf4 36. Rxb5 Ra1+ 37. Kf2 Ra2+ 38. Kf3 Nxg2 39. Rb8+ Kg7 40. Rd8 Nh4+ 41. Kf4 Ra4+ 42. Kg3 Nf5+ 43. Kf2 Ra2+ 44. Kf3 Ra3+ 45. Kg2 Rc3 46. Nb4 h4 47. Re8 Re3 48. Rc8 Rg3+ 49. Kh2 Rb3 50. Nd5 Rb2+ 51. Kg1 Rd2 52. Nf4 d5 53. Rd8 d4 54. Kf1 Kf6 55. Ke1 Ra2 56. Nd3 Ra3 57. Kd2 Ra2+ 58. Kc1 Rh2 59. Nc5 Rxh3 60. Ne4+ Ke5 61. Ng5 Rc3+ 62. Kd2 Nd6 63. Ra8 Ne4+ 64. Nxe4 Kxe4 65. Re8+ Kf5 66. Rd8 Ke4 67. Re8+ Kf3 68. Rd8 Rc4 69. Kd3 Ra4 70. Rf8 g5 71. Rxf7+ Kg3 72. Ke4 g4 73. Rb7 h3 74. Kf5 Ra5+ 75. Ke4 h2 76. Rb3+ Kg2 77. Rb2+ Kh3 78. Rb3+ g3 79. Rb1 g2 80. Rb3+ Kh4 81. Kf4 g1=Q 82. Rb8 Qg4# 0-1

[Event "Djerba Festival Open-B 2025"]
[Site "Djerba"]
[Date "2025.02.17"]
[Round "2.10"]
[White "Charfeddine, Akram"]
[Black "Benzarti, Thabet"]
[Result "1-0"]
[Annotator "NA"]
[ECO "D02"]
[WhiteElo "1915"]
[BlackElo "1664"]
[PlyCount "75"]
[EventDate "2025.02.15"]
[EventType "swiss"]
[EventCountry "TUN"]
[SourceTitle "playchess.com"]
[Source "ChessBase"]
[SourceQuality "1"]
[TimeControl "5400+30"]

1. d4 d5 2. Bf4 Nf6 3. e3 e6 4. Bd3 Bd6 5. Bg3 O-O 6. Nf3 b6 7. Nbd2 Bb7 8. Ne5 c5 9. c3 Nc6 10. f4 Ne7 11. Qf3 c4 12. Bxc4 Ne4 13. Bd3 f6 14. Ng4 f5 15. Ne5 Qc7 16. Qe2 Rf6 17. Bh4 Rh6 18. Bxe4 Rxh4 19. Bf3 Rh6 20. g3 a5 21. h4 Rf6 22. a3 Ba6 23. Qd1 b5 24. Rc1 Rc8 25. Kf2 a4 26. Be2 Qb7 27. Ndf3 Rd8 28. Nd3 Qb8 29. Nb4 Bc8 30. Ne5 Qb6 31. Qf1 Bxb4 32. cxb4 Ba6 33. Rc5 Ng6 34. Bxb5 Bxb5 35. Qxb5 Qxb5 36. Rxb5 Nxe5 37. fxe5 Rf7 38. Rc1 1-0

[Event "Djerba Festival Open-B 2025"]
[Site "Djerba"]
[Date "2025.02.17"]
[Round "2.11"]
[White "Mathanchandaran, Dev"]
[Black "Algadari, Mahmod"]
[Result "0-1"]
[Annotator "NA"]
[ECO "B08"]
[WhiteElo "1650"]
[BlackElo "1909"]
[PlyCount "68"]
[EventDate "2025.02.15"]
[EventType "swiss"]
[EventCountry "TUN"]
[SourceTitle "playchess.com"]
[Source "ChessBase"]
[SourceQuality "1"]
[TimeControl "5400+30"]

1. e4 d6 2. d4 Nf6 3. Nc3 g6 4. Nf3 Bg7 5. Bc4 O-O 6. Bf4 c6 7. e5 dxe5 8. dxe5 Nh5 9. Bg3 Nxg3 10. hxg3 Qb6 11. Bb3 Bg4 12. Qe2 Qc5 13. O-O-O Bxf3 14. Qxf3 Qxe5 15. Rhe1 Qg5+ 16. Kb1 e6 17. Ne4 Qe7 18. Qe3 Nd7 19. Rh1 a5 20. a4 Rfd8 21. Ng5 Nf6 22. Qb6 Rxd1+ 23. Rxd1 Nd5 24. Bxd5 exd5 25. Nf3 Ra6 26. Qb3 Qc7 27. Re1 h6 28. Qd3 Rb6 29. b3 Qd6 30. Ka2 Qf6 31. Rb1 Rb4 32. Qe3 Re4 33. Qb6 Qc3 34. Ka3 Qxc2 0-1

[Event "Djerba Festival Open-B 2025"]
[Site "Djerba"]
[Date "2025.02.17"]
[Round "2.12"]
[White "Rafik yassine"]
[Black "Falezan, Arnaud"]
[Result "1-0"]
[Annotator "NA"]
[ECO "A20"]
[WhiteElo "1909"]
[BlackElo "1662"]
[PlyCount "115"]
[EventDate "2025.02.15"]
[EventType "swiss"]
[EventCountry "TUN"]
[SourceTitle "playchess.com"]
[Source "ChessBase"]
[SourceQuality "1"]
[TimeControl "5400+30"]

1. c4 e5 2. g3 c6 3. Bg2 d5 4. cxd5 cxd5 5. d4 e4 6. Nh3 Be7 7. Nc3 Nc6 8. O-O Nf6 9. Bg5 O-O 10. e3 Be6 11. Bxf6 Bxf6 12. Nf4 Qd7 13. f3 exf3 14. Qxf3 Rfe8 15. Ncxd5 Bxd5 16. Nxd5 Bg5 17. Rae1 g6 18. h4 Bd8 19. h5 f5 20. hxg6 hxg6 21. Nf4 Kg7 22. Qd5 Qxd5 23. Bxd5 Bb6 24. Bxc6 bxc6 25. Kf2 Re4 26. Rc1 Rae8 27. Rfe1 g5 28. Nd3 R8e6 29. Nc5 Bxc5 30. Rxc5 Kg6 31. Ra5 f4 32. gxf4 gxf4 33. Ra3 Kf5 34. Kf3 Rxd4 35. exd4 Rxe1 36. Ra5+ Ke6 37. Kxf4 Kd6 38. Rxa7 Re2 39. b3 Re8 40. Ra5 Re2 41. Kf3 Re7 42. Re5 Rxe5 43. dxe5+ Kxe5 44. Ke3 Kd5 45. Kd3 Kc5 46. Kc3 Kb5 47. a3 c5 48. a4+ Kb6 49. Kc4 Kc6 50. a5 Kd6 51. Kb5 Kc7 52. Kxc5 Kb7 53. b4 Ka7 54. Kc6 Kb8 55. Kb6 Ka8 56. Kc7 Ka7 57. b5 Ka8 58. a6 1-0

[Event "Djerba Festival Open-B 2025"]
[Site "Djerba"]
[Date "2025.02.17"]
[Round "2.13"]
[White "Abokrais, Kaled"]
[Black "Chaouech, Oussama"]
[Result "1/2-1/2"]
[Annotator "NA"]
[ECO "C01"]
[WhiteElo "1902"]
[BlackElo "1651"]
[PlyCount "69"]
[EventDate "2025.02.15"]
[EventType "swiss"]
[EventCountry "TUN"]
[SourceTitle "playchess.com"]
[Source "ChessBase"]
[SourceQuality "1"]
[TimeControl "5400+30"]

1. e4 e6 2. Nc3 d5 3. exd5 exd5 4. d4 Nf6 5. Nf3 Bf5 6. Bd3 Bxd3 7. Qxd3 c6 8. O-O Be7 9. Re1 O-O 10. h3 Qd6 11. Bg5 Nbd7 12. Ne5 Rfe8 13. Re2 Nh5 14. Bxe7 Rxe7 15. Qf3 Nhf6 16. Rae1 Rae8 17. Nxd7 Nxd7 18. a3 Nf6 19. Qf5 g6 20. Qf3 Kg7 21. Rxe7 Rxe7 22. Re3 Rxe3 23. Qxe3 Qe6 24. Qxe6 fxe6 25. f3 Nd7 26. Kf2 Kf6 27. Ke3 e5 28. Ne2 Ke6 29. dxe5 Nxe5 30. b3 c5 31. f4 Nc6 32. g4 b5 33. Ng3 Nd4 34. Kd3 Nf3 35. c3 1/2-1/2

[Event "Djerba Festival Open-B 2025"]
[Site "Djerba"]
[Date "2025.02.17"]
[Round "2.14"]
[White "Baroukh, Pau"]
[Black "Minde, Baptiste"]
[Result "0-1"]
[Annotator "NA"]
[ECO "E10"]
[WhiteElo "1649"]
[BlackElo "1896"]
[PlyCount "46"]
[EventDate "2025.02.15"]
[EventType "swiss"]
[EventCountry "TUN"]
[SourceTitle "playchess.com"]
[Source "ChessBase"]
[SourceQuality "1"]
[TimeControl "5400+30"]

1. Nf3 Nf6 2. c4 e6 3. d4 c5 4. d5 b5 5. b3 Bb7 6. dxe6 fxe6 7. Nbd2 Be7 8. e3 O-O 9. Be2 d5 10. Bb2 bxc4 11. bxc4 Nc6 12. Qb1 d4 13. Bxd4 cxd4 14. Qxb7 dxe3 15. Qxc6 exd2+ 16. Nxd2 Bb4 17. Qxe6+ Kh8 18. Qe3 Re8 19. Qe6 Rf8 20. Qe3 Re8 21. Qf4 Re4 22. Qf3 Qxd2+ 23. Kf1 Rae8 0-1

[Event "Djerba Festival Open-B 2025"]
[Site "Djerba"]
[Date "2025.02.17"]
[Round "2.15"]
[White "Ferahi, Tarik"]
[Black "Schmittheisler, Guillaume"]
[Result "0-1"]
[Annotator "NA"]
[ECO "C10"]
[WhiteElo "1612"]
[BlackElo "1888"]
[PlyCount "94"]
[EventDate "2025.02.15"]
[EventType "swiss"]
[EventCountry "TUN"]
[SourceTitle "playchess.com"]
[Source "ChessBase"]
[SourceQuality "1"]
[TimeControl "5400+30"]

1. e4 e6 2. d4 d5 3. Nc3 dxe4 4. Nxe4 Nd7 5. Nf3 Ngf6 6. Bd3 Nxe4 7. Bxe4 Nf6 8. Bd3 c5 9. c3 cxd4 10. cxd4 Bb4+ 11. Bd2 Qa5 12. O-O Bxd2 13. Qxd2 Qxd2 14. Nxd2 Bd7 15. Ne4 Bc6 16. Nxf6+ gxf6 17. Rfd1 Ke7 18. a4 Rhd8 19. Be2 Rd6 20. b4 Rad8 21. b5 Be4 22. f3 Bg6 23. Rac1 Rxd4 24. Rxd4 Rxd4 25. Rc7+ Rd7 26. Rc8 Kd6 27. f4 Rc7 28. Rxc7 Kxc7 29. Kf2 b6 30. Bd1 Kd6 31. Ke3 Kc5 32. h4 Kc4 33. g4 Bb1 34. h5 h6 35. Bf3 Bh7 36. g5 fxg5 37. fxg5 hxg5 38. Be4 f5 39. Bc6 Kc5 40. Be8 Kd6 41. Kd4 e5+ 42. Kc4 Bg8+ 43. Kd3 Ke7 44. Bg6 Kf6 45. Kc3 g4 46. Be8 g3 47. Bc6 e4 0-1

[Event "Djerba Festival Open-B 2025"]
[Site "Djerba"]
[Date "2025.02.17"]
[Round "2.16"]
[White "Tkitek Mohamed Mejed"]
[Black "Nahom, Perez"]
[Result "1-0"]
[Annotator "NA"]
[ECO "D77"]
[WhiteElo "1875"]
[BlackElo "1641"]
[PlyCount "37"]
[EventDate "2025.02.15"]
[EventType "swiss"]
[EventCountry "TUN"]
[SourceTitle "playchess.com"]
[Source "ChessBase"]
[SourceQuality "1"]
[TimeControl "5400+30"]

1. c4 Nf6 2. g3 e6 3. Bg2 d5 4. Nf3 Nc6 5. O-O g6 6. Nc3 Bg7 7. d4 O-O 8. Bf4 Nh5 9. Bg5 Nf6 10. Qd2 Re8 11. Ne5 Ne7 12. Qf4 Nh5 13. Qf5 Kh8 14. Qxf7 Bxe5 15. g4 Ng7 16. dxe5 Rg8 17. Bf6 Qe8 18. cxd5 Bd7 19. Qxe7 1-0

[Event "Djerba Festival Open-B 2025"]
[Site "Djerba"]
[Date "2025.02.17"]
[Round "2.17"]
[White "Raymond, Andre"]
[Black "Zenaidi, Sadok"]
[Result "0-1"]
[Annotator "NA"]
[ECO "B15"]
[WhiteElo "1610"]
[BlackElo "1872"]
[PlyCount "62"]
[EventDate "2025.02.15"]
[EventType "swiss"]
[EventCountry "TUN"]
[SourceTitle "playchess.com"]
[Source "ChessBase"]
[SourceQuality "1"]
[TimeControl "5400+30"]

1. e4 c6 2. d4 d5 3. Nc3 dxe4 4. Nxe4 Nf6 5. Nxf6+ exf6 6. Nf3 Bd6 7. Qe2+ Be6 8. Be3 O-O 9. c3 Re8 10. Qc2 Nd7 11. Bd3 Nf8 12. O-O Qc7 13. g3 Qa5 14. Be2 Ng6 15. b4 Qc7 16. a3 f5 17. c4 f4 18. c5 fxe3 19. cxd6 exf2+ 20. Rxf2 Qxd6 21. Bd3 a5 22. b5 Bg4 23. bxc6 Bxf3 24. Rxf3 Qxd4+ 25. Kg2 Qxa1 26. cxb7 Rab8 27. Qc7 Qb2+ 28. Kh3 Rxb7 29. Qc6 Rf8 30. Bc4 Ne5 31. Bxf7+ Rbxf7 0-1

[Event "Djerba Festival Open-B 2025"]
[Site "Djerba"]
[Date "2025.02.17"]
[Round "2.18"]
[White "Chavallard, Yanis"]
[Black "Cornileau, Raphael"]
[Result "0-1"]
[Annotator "NA"]
[ECO "E18"]
[WhiteElo "1605"]
[BlackElo "1864"]
[PlyCount "96"]
[EventDate "2025.02.15"]
[EventType "swiss"]
[EventCountry "TUN"]
[SourceTitle "playchess.com"]
[Source "ChessBase"]
[SourceQuality "1"]
[TimeControl "5400+30"]

1. c4 e6 2. g3 Nf6 3. Nf3 b6 4. Bg2 Bb7 5. O-O Be7 6. Nc3 O-O 7. b3 d5 8. Ne5 Nbd7 9. d4 Ne4 10. Nxe4 dxe4 11. Nxd7 Qxd7 12. Bb2 c5 13. e3 Rad8 14. Qc2 Qc6 15. Rad1 f5 16. Rd2 Rd7 17. Rfd1 Rfd8 18. dxc5 bxc5 19. Rxd7 Rxd7 20. Rxd7 Qxd7 21. Be5 Bd8 22. a3 Bc6 23. Bf1 a5 24. Be2 Qb7 25. Qd2 Be7 26. Bd6 Qd7 27. Qxa5 Qxd6 28. Qa6 Qc7 29. b4 cxb4 30. axb4 Bxb4 31. Kg2 Bc5 32. Bd1 Qd7 33. Be2 e5 34. Qa5 Qd6 35. Qa6 Qc7 36. Bd1 f4 37. Ba4 Bxa4 38. Qxa4 f3+ 39. Kf1 Qd8 40. Ke1 Qd3 41. Qa8+ Bf8 42. Qd5+ Qxd5 43. cxd5 Kf7 44. Kd2 Bb4+ 45. Kc2 Be1 46. Kd1 Bxf2 47. g4 Bxe3 48. Ke1 Bc5 0-1

[Event "Djerba Festival Open-B 2025"]
[Site "Djerba"]
[Date "2025.02.17"]
[Round "2.19"]
[White "Kole, Arda"]
[Black "Chaudesaygues, Hugo"]
[Result "1-0"]
[Annotator "NA"]
[ECO "C54"]
[WhiteElo "1848"]
[BlackElo "1624"]
[PlyCount "37"]
[EventDate "2025.02.15"]
[EventType "swiss"]
[EventCountry "TUN"]
[SourceTitle "playchess.com"]
[Source "ChessBase"]
[SourceQuality "1"]
[TimeControl "5400+30"]

1. e4 e5 2. Nf3 Nc6 3. Bc4 Bc5 4. c3 Nf6 5. d3 d6 6. a4 a5 7. O-O Ne7 8. Bg5 Ng6 9. d4 exd4 10. cxd4 Bb4 11. Qb3 Qd7 12. e5 Ne4 13. Nc3 Nxg5 14. Nxg5 O-O 15. Bxf7+ Kh8 16. Bxg6 hxg6 17. e6 Qe7 18. Nce4 Rf5 19. Qh3+ 1-0

[Event "Djerba Festival Open-B 2025"]
[Site "Djerba"]
[Date "2025.02.17"]
[Round "2.20"]
[White "Minde, Heloise"]
[Black "Louvrier Saint-Mary, Jean-Roger"]
[Result "0-1"]
[Annotator "NA"]
[ECO "B23"]
[WhiteElo "1600"]
[BlackElo "1839"]
[PlyCount "120"]
[EventDate "2025.02.15"]
[EventType "swiss"]
[EventCountry "TUN"]
[SourceTitle "playchess.com"]
[Source "ChessBase"]
[SourceQuality "1"]
[TimeControl "5400+30"]

1. e4 c5 2. Nc3 e6 3. f4 Nc6 4. Nf3 b6 5. Bc4 Na5 6. Bb5 a6 7. Be2 Nc6 8. d4 cxd4 9. Nxd4 Nxd4 10. Qxd4 Nf6 11. e5 Bc5 12. Qd3 Ng8 13. Bf3 Rb8 14. Bd2 d5 15. exd6 Nf6 16. O-O-O Qxd6 17. Be3 Qxd3 18. Rxd3 Bxe3+ 19. Rxe3 Bb7 20. Bxb7 Rxb7 21. Rd1 O-O 22. Rd6 Rc8 23. Na4 Nd5 24. Re4 g6 25. b3 b5 26. Nb2 Nc3 27. Re3 Nxa2+ 28. Kb1 Nb4 29. Re2 Nd5 30. Rf2 Nc3+ 31. Kc1 Ne4 32. Rfd2 Nxd2 33. Rxd2 Rbc7 34. g3 a5 35. Kd1 Kf8 36. Kc1 Ke7 37. Kd1 h5 38. Nd3 f6 39. Kc1 a4 40. Kb2 axb3 41. cxb3 Rd8 42. b4 Rcd7 43. Kc2 Kf7 44. Rd1 Rd4 45. Kc3 Kg7 46. h3 e5 47. fxe5 fxe5 48. Kc2 e4 49. Nf2 Rxd1 50. Nxd1 Rd4 51. h4 Rxb4 52. Nc3 Rc4 53. Kb3 e3 54. Kb2 Rg4 55. Ne2 Kf6 56. Kc3 b4+ 57. Kb3 Ke5 58. Kc2 Ke4 59. Nf4 Rxf4 60. gxf4 Kxf4 0-1

[Event "Djerba Festival Open-B 2025"]
[Site "Djerba"]
[Date "2025.02.17"]
[Round "2.21"]
[White "Zerarga, Imene"]
[Black "Hinard, Jeremy"]
[Result "1-0"]
[Annotator "NA"]
[ECO "D20"]
[WhiteElo "1831"]
[BlackElo "1609"]
[PlyCount "55"]
[EventDate "2025.02.15"]
[EventType "swiss"]
[EventCountry "TUN"]
[SourceTitle "playchess.com"]
[Source "ChessBase"]
[SourceQuality "1"]
[TimeControl "5400+30"]

1. e4 c6 2. d4 d5 3. exd5 cxd5 4. c4 dxc4 5. Bxc4 g6 6. Nf3 Bg7 7. O-O Bg4 8. Bxf7+ Kxf7 9. Ng5+ Kf8 10. Qxg4 Qd7 11. Qe6 Nh6 12. Re1 Bf6 13. Qxd7 Nxd7 14. Ne6+ Kf7 15. Bxh6 g5 16. Bxg5 Rhg8 17. Bxf6 Nxf6 18. Nc3 Rg6 19. Nf4 Rg4 20. g3 Rag8 21. Kf1 h5 22. Re5 h4 23. Rae1 Re8 24. Nb5 hxg3 25. fxg3 Rc8 26. Rxe7+ Kg8 27. Nc7 Kf8 28. d5 1-0

[Event "Djerba Festival Open-B 2025"]
[Site "Djerba"]
[Date "2025.02.17"]
[Round "2.22"]
[White "Skhiri Youssef"]
[Black "Weslati, Monem"]
[Result "1-0"]
[Annotator "NA"]
[ECO "A31"]
[WhiteElo "1808"]
[BlackElo "1591"]
[PlyCount "38"]
[EventDate "2025.02.15"]
[EventType "swiss"]
[EventCountry "TUN"]
[SourceTitle "playchess.com"]
[Source "ChessBase"]
[SourceQuality "1"]
[TimeControl "5400+30"]

1. c4 c5 2. Nc3 Nc6 3. g3 g6 4. Bg2 Bg7 5. Nf3 Nf6 6. O-O d6 7. d4 cxd4 8. Nxd4 Bd7 9. h3 Qc8 10. Kh2 Nxd4 11. Qxd4 Ng4+ 12. Qxg4 Bxg4 13. hxg4 h5 14. g5 h4 15. g4 Qxg4 16. Bxb7 Rb8 17. Bc6+ Kf8 18. Be3 Be5+ 19. Kh1 Qh3+ 1-0

[Event "Djerba Festival Open-B 2025"]
[Site "Djerba"]
[Date "2025.02.17"]
[Round "2.23"]
[White "Girard, Adrien"]
[Black "Ben Mbarek, Mohamed"]
[Result "1-0"]
[Annotator "NA"]
[ECO "B22"]
[WhiteElo "1796"]
[BlackElo "1570"]
[PlyCount "97"]
[EventDate "2025.02.15"]
[EventType "swiss"]
[EventCountry "TUN"]
[SourceTitle "playchess.com"]
[Source "ChessBase"]
[SourceQuality "1"]
[TimeControl "5400+30"]

1. e4 c5 2. c3 Nf6 3. e5 Nd5 4. Nf3 Nc6 5. d4 d6 6. Bb5 Bd7 7. Qe2 a6 8. Ba4 Nxe5 9. Nxe5 Bxa4 10. Qc4 dxe5 11. Qxa4+ b5 12. Qd1 exd4 13. cxd4 cxd4 14. Qxd4 Rc8 15. O-O Rc4 16. Qe5 Nb4 17. Nc3 Nc6 18. Qg3 Nd4 19. Kh1 g6 20. Be3 Nf5 21. Qh3 Qb8 22. f4 Bh6 23. Ne2 Re4 24. Rf3 Nxe3 25. Rxe3 Rxe3 26. Qxe3 Bg7 27. Qd2 O-O 28. Rd1 Qb6 29. b3 Rc8 30. h3 b4 31. Qd3 a5 32. Qe4 Qc5 33. Rd5 Qc2 34. Qxe7 Qxa2 35. Qe3 Rc2 36. Rd8+ Bf8 37. Qe8 Qa1+ 38. Ng1 Qg7 39. Ra8 Ra2 40. Qd8 Ra3 41. Rxa5 Rxb3 42. Ra8 Ra3 43. Rb8 b3 44. Nf3 b2 45. Kh2 f5 46. Ne5 Qh6 47. Qd5+ Kg7 48. Qf7+ Kh8 49. Rxf8+ 1-0